 Dungeon Crawl Stone Soup version 0.23.2-11-gf996548 (webtiles) character file.

Game seed: 12265642443693386609

16 Fortress the Firebug (level 2, 0/19 HPs)
             Began as a Demonspawn Fire Elementalist on June 7, 2019.
             Slain by a jackal (2 damage)
             ... on level 1 of the Dungeon.
             The game lasted 00:02:06 (276 turns).

Fortress the Firebug (Demonspawn Fire Elementalist)  Turns: 276, Time: 00:02:07

Health: 0/19       AC:  2    Str:  8    XL:     2   Next: 41%
Magic:  0/5        EV: 12    Int: 16    God:
Gold:   42         SH:  0    Dex: 13    Spells: 4/5 levels left

rFire    . . .     SeeInvis .   (no weapon)
rCold    . . .     Gourm    .   (no shield)
rNeg     . . .     Faith    .   a - +0 robe
rPois    .         Spirit   .   (no helmet)
rElec    .         Reflect  .   (no cloak)
rCorr    .         Harm     .   (no gloves)
MR       .....                  (no boots)
Stlth    ++........             (no amulet)
HPRegen  0.06/turn              (no ring)
MPRegen  0.09/turn              (no ring)

@: very slightly contaminated
A: talons 1
a: no special abilities


You were on level 1 of the Dungeon.
You were not hungry.

You visited 1 branch of the dungeon, and saw 1 of its levels.

You collected 42 gold pieces.

Inventory:

Missiles
 b - 62 stones (quivered)
Armour
 a - a +0 robe (worn)
Scrolls
 e - a scroll of enchant weapon {unknown}
Potions
 f - 2 potions of heal wounds {unknown}
Comestibles
 c - a ration
 d - 2 chunks of flesh


   Skills:
 + Level 1.8 Dodging
 + Level 1.7 Stealth
 + Level 2.1 Spellcasting
 + Level 1.0 Conjurations
 + Level 3.3 Fire Magic


You had 4 spell levels left.
You knew the following spells:

 Your Spells              Type           Power        Failure   Level  Hunger
a - Flame Tongue          Conj/Fire      #....        9%          1    #......

Your spell library contained the following spells:

 Spells                   Type           Power        Failure   Level  Hunger
 Throw Flame              Conj/Fire      #.....       13%         2    ###....
 Conjure Flame            Conj/Fire      #.......     26%         3    ###....
 Inner Flame              Hex/Fire       #.......     30%         3    ###....
 Sticky Flame             Conj/Fire      #.......     63%         4    #####..
 Fireball                 Conj/Fire      #.........   93%         5    ######.


Dungeon Overview and Level Annotations

Branches:
Dungeon (1/15)

Altars:


Innate Abilities, Weirdness & Mutations

You have sharp toenails.


Message History

Confirm with . or Enter, or press ? or * to list all spells.
Aiming: Flame Tongue (safe; 9% risk of failure)
Press: ? - help, Shift-Dir - straight line, f/p - kobold
Aim: a kobold You miscast Flame Tongue.
Nothing appears to happen.
The ball python barely misses you. The ball python grabs you.
The ball python constricts you.
You hit the ball python. You claw the ball python.
You kill the ball python!
The jackal closely misses you.
You barely miss the jackal. The jackal bites you.
* * * LOW HITPOINT WARNING * * *
You closely miss the jackal. The jackal barely misses you. x2
You hit the jackal. You claw the jackal.
You kill the jackal!
The jackal bites you.
* * * LOW HITPOINT WARNING * * *
You barely miss the jackal. You claw the jackal, but do no damage.
The jackal bites you.
You die...

#......# # #......#.#
#......#.# #.####.#)
+........ #......#.
#.##...$..# #........
#.........#♣♣
♣♣♣♣....#...
....h†...K..♣♣♣P.♣♣.....
#.#.....#h#♣.♣P.P.♣...#
#.###.#@#♣.P.♣♣.♣...# #
..#.#♣♣..♣♣P....# #
.#.#.# ♣♣♣♣♣♣♣..##..#
#.#.#.#+### #.......#
#.#.#.....# ####..####.#
###.#.#.#.#.....#
#...).# ...#.#.#.#.....#
#.##..#
..#.#.#.#.....♣#♣.♣#♣.♣
♣...#.#.#.....'.......#


You could see a jackal and a kobold.

Vanquished Creatures
  A dart slug (D:1)
  A leopard gecko (D:1)
  A bat (D:1)
  A giant cockroach (D:1)
  A hobgoblin (D:1)
  2 jackals (D:1)
  A ball python (D:1)
  2 kobolds (D:1)
  3 rats (D:1)
13 creatures vanquished.

Notes
Turn   | Place    | Note
-------+----------+-------------------------------------------
     0 | D:1      | Fortress the Demonspawn Fire Elementalist began the quest
                  | for the Orb.
     0 | D:1      | Reached XP level 1. HP: 13/13 MP: 3/3
    46 | D:1      | Reached skill level 3 in Fire Magic
   120 | D:1      | Gained mutation: You have sharp toenails. [demonic
                  | ancestry]
   120 | D:1      | Reached XP level 2. HP: 18/19 MP: 1/5
   276 | D:1      | Slain by a jackal

Skill      XL: |  1 |
---------------+----+-----
Fire Magic     | 3 |  3.3
Dodging        | |  1.8
Stealth        | |  1.7
Spellcasting   | |  2.1
Conjurations   | |  1.0

Action                   || total
-------------------------++-------
Melee: Unarmed           ||    38
       Kick              ||     5
 Cast: Flame Tongue      ||    19
Armor: Robe              ||     7
Dodge: Dodged            ||    33
